 Dungeon Crawl Stone Soup version 0.31.0-11-ge490571c62 (webtiles) character file.

Game seed: 3752542420884228938

11673 jagang the Fighter (level 11, -15/89 HPs)
             Began as a Human Monk on Feb 1, 2024.
             Was a High Priest of Okawaru.
             Demolished by Frances
             ... wielding a +0 war axe
              (22 damage)
             ... on level 13 of the Dungeon on Feb 6, 2024.
             The game lasted 00:39:33 (12114 turns).

jagang the Fighter (Human Monk)                    Turns: 12114, Time: 00:39:34

Health: -15/89     AC: 24    Str: 11    XL:     11   Next: 81%
Magic:  13/14      EV:  4    Int: 12    God:    Okawaru [*****.]
Gold:   765        SH: 20    Dex: 22    Spells: 10/10 levels left

rFire   + . .        M - +5 falchion "Baowos" {holy, rElec rC- rN+}
rCold   . . .        i - +0 tower shield
rNeg    + . .        h - +0 plate armour
rPois   .            (no helmet)
rElec   +            g - scarf {rC+ rF+}
rCorr   .            r - +1 pair of gloves {Dex+3}
SInv    .            x - +0 pair of boots
Will    .....        (no amulet) Stlth
                     j - +4 ring of protection
HPRegen 0.34/turn    S - +4 ring of slaying
MPRegen 0.14/turn

%: no passive effects
@: silenced, heroic, hasted, very quick
A: explore regen
a: Renounce Religion


You were on level 13 of the Dungeon.
You worshipped Okawaru.
Okawaru was extremely pleased with you.
You visited 3 branches of the dungeon, and saw 14 of its levels.
You also visited: Sewer.

You collected 801 gold pieces.
You spent 36 gold pieces at shops.

Inventory:

Hand Weapons
 A - a +0 long sword
 M - the +5 falchion "Baowos" (weapon) {holy, rElec rC- rN+}
   (You found it on level 6 of the Dungeon)

   rC-:       It makes you vulnerable to cold.
   rElec:     It insulates you from electricity.
   rN+:       It protects you from negative energy.
 R - the +7 mace of Ipesos {elec, rF- Str+3 Int+5}
   (You found it on level 10 of the Dungeon)

   Str+3:     It affects your strength (+3).
   Int+5:     It affects your intelligence (+5).
   rF-:       It makes you vulnerable to fire.
Missiles
 f - 35 poisoned darts (quivered)
 E - 2 darts of dispersal
 F - a curare-tipped dart
 K - 5 javelins
Armour
 g - a scarf of resistance (worn)
 h - a +0 plate armour (worn)
 i - a +0 tower shield (worn)
 k - a +0 chain mail
 r - a +1 pair of gloves of dexterity (worn)
 w - a +1 cloak of preservation
 x - a +0 pair of boots (worn)
Jewellery
 j - a +4 ring of protection (left hand)
 o - a ring of flight
 t - a ring of resist corrosion
 z - a ring of fire
 C - a +5 ring of evasion
 P - a ring of wizardry
 S - a +4 ring of slaying (right hand)
Wands
 y - a wand of roots (5)
Scrolls
 e - 3 scrolls of butterflies
 l - 2 scrolls of blinking
 m - 2 scrolls of amnesia
 p - 2 scrolls of poison
 v - 5 scrolls of teleportation
 D - 2 scrolls of noise
 G - 3 scrolls of fear {unknown}
 H - a scroll of enchant weapon {unknown}
 J - 3 scrolls of fog
 N - a scroll of revelation {unknown}
 O - a scroll of brand weapon {unknown}
Potions
 a - 2 potions of heal wounds {unknown}
 b - 3 potions of attraction {unknown}
 c - a potion of ambrosia
 d - 2 potions of might {unknown}
 n - 2 potions of haste
 q - 3 potions of brilliance {unknown}
 u - 3 potions of curing
 B - 2 potions of degeneration {unknown}
 I - 2 potions of enlightenment
 L - 3 potions of lignification {unknown}
Miscellaneous
 Q - a phial of floods


   Skills:
 * Level 9.4(14.4) Fighting
 * Level 9.4(14.4) Long Blades
 - Level 3.0(8.0) Throwing
 * Level 8.8(13.8) Armour
 - Level 3.0(8.0) Dodging
 * Level 9.0(14.0) Shields
 + Level 4.5 Invocations


You had 10 spell levels left.
You didn't know any spells.
Your spell library contained the following spells:

 Spells                   Type           Power      Damage    Failure   Level
 Necrotise                Necr           0%         1d4       100%        1
 Vampiric Draining        Necr           0%         2d6       100%        3
 Curse of Agony           Necr           0%         N/A       100%        5
 Martyr's Knell           Necr/Summ      Unusable   N/A       N/A         4

Dungeon Overview and Level Annotations

Branches:
Dungeon (13/15)            Temple (1/1) D:5            Lair (1/5) D:8
  Sewer (visited)
    Orc: D:9-12      Vaults: D:13-14

Altars:
Ashenzari
Cheibriados
Dithmenos
Elyvilon
Fedhas
Gozag
Hepliaklqana
Kikubaaqudgha
Makhleb
Nemelex Xobeh
Okawaru
Qazlal
Ru
Sif Muna
Trog
Uskayaw
Vehumet
Wu Jian
Xom
Yredelemnul
Zin
The Shining One
Lugonu

Shops:
D:7 *

Annotations:
D:13 Frances


Innate Abilities, Weirdness & Mutations

You regain HP and MP as you explore.


Message History

You block Frances's attack. x2
You barely miss Frances.
Frances is lightly wounded.
Frances whispers indecipherable words.
The shard of ice hits you!
You hit Frances.
Frances is lightly wounded.
Frances hits you but does no damage.
You slash Frances!
Frances is lightly wounded.
Frances hits you but does no damage. You block Frances's attack.
You slash Frances!
Frances is moderately wounded.
You block Frances's attack.
You hit Frances.
Frances is moderately wounded.
Frances chants phrases taken from a devil's mouth.
You closely miss Frances.
Frances is moderately wounded.
Frances hits you with a +0 war axe! Frances hits you but does no damage.
You barely miss Frances.
Frances is moderately wounded.
Frances hits you with a +0 war axe.
You slash Frances!
Frances is moderately wounded.
Frances hits you with a +0 war axe!!
* * * LOW HITPOINT WARNING * * *
You closely miss Frances.
Frances is moderately wounded.
You block Frances's attack. Frances hits you with a +0 war axe.
* * * LOW HITPOINT WARNING * * *
Press: ? - help, v - describe, . - travel The floor, spattered with blood.
Unknown command.
As you read the scroll of silence, it crumbles to dust.
A profound silence engulfs you. You block Frances's attack.
You feel yourself speed up. Frances hits you with a +0 war axe!
* * * LOW HITPOINT WARNING * * *
Frances hits you with a +0 war axe!!
You die...

#.......#
#......########+##
#...........>.....
#.................
#.................
#.................
#.#'##'#####......
#.#........@3.....
#.#.......@# #
#........#
#........#
#........#
#........#
#........#
##########


You could see Frances (fast) and a soul eater (summoned, unsilenced).

Vanquished Creatures
  3 two-headed ogres
  A manticore (D:11)
  A gargoyle (D:9)
  Jeremiah (D:8)
  A komodo dragon (D:11)
  A kobold demonologist (D:9)
  Psyche (D:8)
  2 trolls
  2 hornets
  2 wyverns
  A shadow (D:9)
  A yak (D:8)
  A basilisk (D:8)
  7 vampire mosquitoes
  A steam dragon (D:8)
  2 acid dragons
  A water moccasin (D:9)
  2 black bears
  5 orc warriors
  2 ice beasts (D:7)
  A sky beast (D:8)
  5 ogres
  7 centaurs
  A phantom (D:5)
  7 kobold brigands
  4 bullfrogs
  5 scorpions
  4 wights
  16 killer bees
  A vampire bat (D:7)
  A crimson imp (D:6)
  5 howler monkeys
  3 hounds
  3 jellies
  6 bombardier beetles
  3 orc priests
  Crazy Yiuf (D:2)
  A sleepcap (D:5)
  7 iguanas
  10 orc wizards
  A gnoll (D:1)
  14 adders
  5 river rats (Sewer)
  A shadow imp (D:7)
  A white imp (D:7)
  8 ribbon worms
  2 dart slugs
  30 orcs
  13 ball pythons
  5 bats
  A bat skeleton (D:7)
  4 bat zombies (D:7)
  7 endoplasms
  3 giant cockroaches
  5 goblins
  7 hobgoblins
  5 jackals
  5 quokkas
  3 frilled lizards
  13 kobolds
  15 rats
277 creatures vanquished.

Vanquished Creatures (others)
  2 killer bees (D:8)
  An orc (D:8)
  A kobold (D:8)
4 creatures vanquished.

Grand Total: 281 creatures vanquished

Notes
Turn   | Place    | Note
-------+----------+-------------------------------------------
     0 | D:1      | jagang the Human Monk began the quest for the Orb.
     0 | D:1      | Reached XP level 1. HP: 18/18 MP: 1/1
    29 | D:1      | Reached XP level 2. HP: 24/24 MP: 2/2
   623 | D:1      | Reached XP level 3. HP: 25/29 MP: 3/3
   998 | D:2      | Reached skill level 1 in Armour
  1091 | D:2      | Reached skill level 1 in Shields
  1091 | D:2      | Reached XP level 4. HP: 11/36 MP: 4/4
  1935 | D:2      | Found a runed translucent door.
  1936 | D:2      | Noticed Crazy Yiuf
  1944 | D:2      | Killed Crazy Yiuf
  1945 | D:2      | Reached XP level 5. HP: 10/41 MP: 5/5
  2579 | D:3      | Reached XP level 6. HP: 48/48 MP: 6/6
  2879 | D:3      | Found a blossoming altar of Fedhas.
  3474 | D:4      | Noticed a black bear
  3483 | D:4      | Killed a black bear
  3610 | D:4      | Reached XP level 7. HP: 55/55 MP: 7/7
  3837 | D:4      | Reached skill level 5 in Fighting
  3907 | D:4      | Reached skill level 5 in Long Blades
  4051 | D:5      | Entered Level 5 of the Dungeon
  4121 | D:5      | Reached XP level 8. HP: 56/62 MP: 8/8
  4209 | D:5      | Found a shimmering blue altar of Sif Muna.
  4385 | D:5      | Found a glowing drain.
  4415 | Sewer    | Entered a sewer
  4921 | Sewer    | Reached skill level 5 in Shields
  5308 | D:5      | Reached skill level 5 in Armour
  5327 | D:5      | Found a staircase to the Ecumenical Temple.
  5341 | Temple   | Entered the Ecumenical Temple
  5892 | D:5      | Reached XP level 9. HP: 64/70 MP: 9/9
  6112 | D:6      | Found an iron altar of Okawaru.
  6350 | D:6      | Identified the +5 falchion "Baowos" {holy, rElec rC- rN+}
  6353 | D:6      | Became a worshipper of Warmaster Okawaru
  6353 | D:6      | Reached * piety under Okawaru
  6353 | D:6      | Reached ** piety under Okawaru
  6448 | D:6      | Found a bloodstained altar of Trog.
  6739 | D:6      | Noticed a +0 dagger
  6739 | D:6      | Noticed a +0 hand axe
  6742 | D:6      | Found a hide-covered altar of Uskayaw.
  6837 | D:6      | Found a glowing golden altar of the Shining One.
  7019 | D:6      | Found a burning altar of Makhleb.
  7113 | D:7      | Found an opulent altar of Gozag.
  7113 | D:7      | Found a sparkling altar of Nemelex Xobeh.
  7578 | D:7      | Found an ancient bone altar of Kikubaaqudgha.
  7634 | D:7      | Found Kooxocs's CLEARANCE SALE!.
  7637 | D:7      | Bought a scroll of fog for 12 gold pieces
  7637 | D:7      | Bought a potion of curing for 9 gold pieces
  7637 | D:7      | Bought a potion of enlightenment for 15 gold pieces
  7856 | D:7      | Found a glowing silver altar of Zin.
  7862 | D:7      | Found a broken altar of Ashenzari.
  7955 | D:8      | Found a staircase to the Lair.
  7966 | D:8      | Reached skill level 1 in Invocations
  7966 | D:8      | Reached XP level 10. HP: 78/79 MP: 10/10
  7971 | D:8      | Reached *** piety under Okawaru
  8025 | D:8      | Noticed Psyche
  8044 | D:8      | Killed Psyche
  8357 | D:8      | Noticed Jeremiah
  8422 | D:8      | Killed Jeremiah
  8920 | D:9      | Reached **** piety under Okawaru
  8921 | D:9      | Reached skill level 1 in Throwing
  9013 | Lair:1   | Entered Level 1 of the Lair of Beasts
  9219 | D:9      | Noticed a kobold demonologist
  9235 | D:9      | Killed a kobold demonologist
  9442 | D:9      | Noticed a gargoyle
  9484 | D:9      | Killed a gargoyle
  9848 | D:9      | Reached XP level 11. HP: 87/87 MP: 13/13
 10136 | D:9      | Noticed a two-headed ogre
 10153 | D:9      | Killed a two-headed ogre
 10684 | D:10     | Entered Level 10 of the Dungeon
 10713 | D:10     | Reached ***** piety under Okawaru
 10972 | D:10     | Found a shimmering altar of Xom.
 11021 | D:10     | Identified the +7 mace of Ipesos {elec, rF- Str+3 Int+5}
 11248 | D:10     | Noticed a two-headed ogre
 11261 | D:10     | Killed a two-headed ogre
 11651 | D:11     | Noticed a manticore
 11674 | D:11     | Killed a manticore
 11674 | D:11     | Received a gift from Okawaru
 11943 | D:11     | Noticed a two-headed ogre
 11954 | D:11     | Killed a two-headed ogre
 12074 | D:11     | You fall into a shaft and drop 2 floors!
 12091 | D:13     | Noticed Frances
 12109 | D:13     | Noticed a soul eater
 12114 | D:13     | Demolished by Frances

Illustrated notes

Levels and vault maps discovered:
D:1:      dpeg_arrival_ratfight, layout_basic
D:2:      minmay_angry_zag, layout_basic, uniq_crazy_yiuf_cottage
D:3:      minmay_razor_zed, layout_basic, fedhas_altar_1, serial_bayou_pond_d
D:4:      minmay_chambers_of_threes, layout_rooms,
          nicolae_concentric_dashed_squares_wild
D:5:      layout_basic, mainiacjoe_overflow_24_doors,
          minmay_temple_entry_butterflies, portal_sewer_entry_e
D:6:      layout_rooms, mainiacjoe_overflow_concentric_impassable,
          okawaru_ov_weapons_minmay, dancing_weapons_uskayaw,
          makhleb_grotto_becter, tso_oasis_becter, serial_glass,
          glass_columns_b, glass_columns_c, item_on_display_a,
          nicolae_the_louvre
D:7:      layout_basic, grunt_temple_overflow_opulence, jmf_multi_god_temple2,
          kennysheep_vampire_church, hex_medium, nicolae_shop_clearance
D:8:      layout_basic, david_lair_generic, uniq_jeremiah, uniq_psyche
D:9:      layout_basic, minmay_fractal_squares_diagonal_5
D:10:     layout_roguey, mainiacjoe_overflow_alcove_4
D:11:     layout_rooms, minmay_tree_intersection, uniq_nergalle
D:13:     kennysheep_scales, layout_irregular_city, wad_floor_pattern_untrapped,
          minmay_lindwurm_lava, uniq_frances
Temple:   kb_corrupted_temple
Lair:1:   layout_chaotic_city, ebering_ghost_funeral_grove, beast_lair_carwin_4

Skill      XL: |  1  2  3  4  5  6  7  8  9 10 11 |
---------------+----------------------------------+-----
Armour         | 1 2 3 5 6 7 8 |  8.8
Shields        | 1 2 3 4 5 6 8 9 |  9.0
Fighting       | 4 5 6 7 8 9 |  9.4
Long Blades    | 4 5 6 7 8 9 |  9.4
Invocations    | 1 3 4 |  4.5
Throwing       | 1 3 |  3.0
Dodging        | |  3.0

Action                     |  1- 3 |  4- 6 |  7- 9 | 10-12 || total
---------------------------+-------+-------+-------+-------++-------
  Melee: Falchion          |    69 |    77 |   113 |   465 ||   724
         Long sword        |       |    90 |   356 |       ||   446
  Throw: Dart              |       |     2 |     3 |    34 ||    39
         Javelin           |       |       |       |    18 ||    18
 Invoke: Heroism           |       |       |     1 |     6 ||     7
    Use: Scroll            |       |     1 |     7 |     7 ||    15
         Potion            |       |       |       |     1 ||     1
 Armour: Ring mail         |    24 |       |       |       ||    24
         Robe              |     1 |       |       |       ||     1
         Chain mail        |    30 |   136 |   251 |    82 ||   499
         Plate armour      |       |       |       |   264 ||   264
  Dodge: Dodged            |    34 |    60 |   215 |    81 ||   390
  Block: Tower shield      |       |       |    87 |   600 ||   687
